Map: Abyssal Reef LE

Players

iPlayDefense - Winner!

  • Race: Terran Terran
  • League: Silver
  • Spawn Location: 11:00

Kevin

  • Race: Terran Terran
  • League: Silver
  • Spawn Location: 5:00

VOD

Have the link to the VOD?

Description

Time

  • Played on: April 13, 2025, 11:46 p.m.
  • Length: 13:22
Show
View Real Time Build Order
Export as new Build Order

iPlayDefense Terran - Winner!

Build Orders:  

Get SALT Encoding   

  12  0:00  SCV  
  13  0:15  Supply Depot  
  13  0:17  SCV  
  14  0:40  Barracks  
  14  0:41  SCV, Refinery  
  15  0:52  Supply Depot  
  15  0:54  SCV  
  16  1:07  SCV  
  17  1:31  Orbital Command, Barracks Reactor  
  17  1:42  Refinery  
  17  2:01  SCV  
  18  2:13  SCV  
  18  2:14  Marine x2  
  21  2:17  Factory  
  21  2:25  SCV  
  22  2:32  Marine x2  
  24  2:54  Command Center  
  24  3:08  Starport  
  24  3:10  Starport  
  24  3:14  SCV  
  24  3:16  Factory Tech Lab  
  24  3:17  Marine x2  
  27  3:26  SCV  
  28  3:38  SCV  
  29  3:47  Starport Reactor  
  29  3:48  Starport Reactor  
  29  4:00  Starport Reactor  
  29  4:09  Engineering Bay  
  29  4:16  Orbital Command  
  29  4:23  SCV  
  30  4:25  Marine x2  
  30  4:30  Siege Tank  
  35  4:35  SCV  
  36  4:43  Marine x2, Liberator x2  
  44  4:47  SCV  
  45  4:57  Armory  
  45  4:58  SCV  
  46  5:08  Supply Depot  
  46  5:30  SCV x2  
  46  5:31  Supply Depot  
  48  5:37  Barracks  
  48  5:39  Barracks  
  48  5:44  SCV x2  
  48  5:45  Marine x2  
  52  5:53  Siege Tank, Viking x2  
  52  5:56  SCV  
  52  5:57  SCV  
  61  6:03  Marine  
  62  6:13  Marine  
  62  6:17  SCV x2  
  62  6:24  Viking  
  61  6:26  Barracks Tech Lab  
  61  6:27  Barracks Tech Lab  
  61  6:29  SCV  
  62  6:55  Refinery  
  62  6:58  Terran Ship Weapons Level 1  
  62  6:59  Refinery  
  62  7:16  Supply Depot  
  62  7:21  Supply Depot  
  62  7:28  Stimpack  
  62  7:38  SCV, Marine x2, Siege Tank, Viking  
  62  7:39  Supply Depot  
  62  7:42  Marine x2, Viking x2  
  62  7:43  SCV  
  77  7:50  SCV  
  78  8:01  SCV, Marine x2, Marauder, Viking  
  78  8:02  SCV  
  86  8:06  Supply Depot  
  86  8:07  Supply Depot  
  86  8:23  Combat Shield  
  86  8:27  Marine x2  
  86  8:28  SCV x2, Marauder, Viking  
  86  8:29  Viking  
  96  8:37  Marine  
  96  8:40  SCV x2, Viking  
  101  8:45  Marine  
  102  8:52  Terran Vehicle And Ship Armor Level 1  
  102  8:57  Supply Depot  
  102  8:59  Supply Depot  
  102  9:18  SCV, Marine x2, Siege Tank, Viking  
  102  9:19  Supply Depot  
  102  9:20  SCV, Marine, Viking x3  
  102  9:23  Supply Depot  
  118  9:40  SCV, Marine x3  
  118  9:41  Marauder  
  118  9:43  Supply Depot  
  124  9:47  Supply Depot  
  124  9:48  Viking  
  124  9:50  Viking x3  
  132  9:58  Marine x2  
  134  10:04  Marine  
  134  10:05  Marauder  
  137  10:07  Command Center  
  137  10:16  Marine  
  137  10:20  Marine  
  139  10:21  Viking  
  139  10:22  Viking x3  
  139  10:23  Marauder  
  149  10:33  Supply Depot  
  149  10:34  Marine  
  149  10:35  Supply Depot  
  150  10:39  Concussive Shells  
  150  10:46  Terran Ship Weapons Level 2  
  150  10:48  Supply Depot  
  150  10:49  Supply Depot  
  150  10:50  Supply Depot  
  150  10:53  Supply Depot  
  150  10:54  Marine x2  
  150  10:55  Marauder  
  154  11:04  Marine  
  154  11:06  Viking x3  
  161  11:12  Marine, Marauder  
  161  11:16  Marauder  
  166  11:22  Marine  
  167  11:30  Marine  
  168  11:34  Marauder  
  168  11:35  Orbital Command  
  168  11:37  Marauder  
  158  12:48  Orbital Command  
Show
View Real Time Build Order
Export as new Build Order

Kevin Terran 

Build Orders:  

Get SALT Encoding   

  12  0:02  SCV  
  13  0:18  Supply Depot  
  13  0:22  SCV  
  14  0:34  SCV  
  15  0:45  Supply Depot  
  15  0:47  SCV  
  16  0:55  Refinery  
  16  0:59  SCV  
  16  1:02  Refinery  
  17  1:14  Barracks  
  17  1:17  SCV  
  18  1:29  SCV  
  19  1:41  SCV  
  20  1:53  SCV  
  21  2:11  Factory  
  21  2:14  Marine  
  22  2:30  SCV  
  22  2:32  Marine  
  24  2:38  Supply Depot  
  24  2:42  SCV  
  25  2:49  Marine  
  26  2:55  SCV  
  26  2:56  Factory Tech Lab  
  27  3:03  Starport  
  27  3:07  Marine  
  27  3:11  Supply Depot  
  28  3:15  Orbital Command  
  28  3:25  Marine  
  28  3:26  Siege Tank  
  32  3:38  Supply Depot  
  32  3:43  Marine  
  32  3:46  Fusion Core  
  33  3:49  Starport Tech Lab  
  33  4:01  Siege Tank, Marine  
  37  4:05  SCV  
  38  4:13  Engineering Bay  
  38  4:19  Marine  
  39  4:36  Battlecruiser  
  45  5:00  Command Center  
  45  5:54  Siege Tank  
  48  6:04  SCV  
  45  6:16  SCV  
  35  6:28  SCV  
  36  6:37  Planetary Fortress  
  36  6:40  SCV  
  37  6:47  Refinery  
  37  6:52  SCV  
  37  6:53  Missile Turret  
  38  7:04  SCV  
  39  7:17  SCV  
  40  7:25  Armory  
  40  7:29  SCV  
  41  7:31  Supply Depot  
  41  7:34  SCV  
  42  7:41  SCV  
  43  7:46  SCV  
  44  7:53  SCV  
  44  7:56  Refinery  
  45  7:59  SCV  
  46  8:07  SCV  
  46  8:11  SCV  
  49  8:20  SCV  
  49  8:23  SCV  
  50  8:32  SCV  
  51  8:35  SCV  
  52  8:43  Armory  
  52  8:44  SCV  
  52  8:47  SCV  
  54  8:50  Starport  
  54  8:56  SCV  
  55  9:06  SCV  
  55  9:08  SCV  
  57  9:18  SCV  
  57  9:20  SCV  
  59  9:28  Starport Tech Lab  
  59  9:36  Supply Depot  
  59  10:00  Battlecruiser x2  
  71  10:13  Supply Depot  
  71  10:29  Terran Ship Weapons Level 1  
  71  10:30  Terran Vehicle And Ship Armor Level 1  
  71  10:49  Command Center  
  71  11:09  Supply Depot  
  71  11:12  Battlecruiser  
  71  11:13  Battlecruiser  
  83  11:48  SCV  
  84  12:00  SCV  
  85  12:03  Planetary Fortress  
  85  12:11  Refinery  
  85  12:12  SCV  
  86  12:17  Missile Turret  
  86  12:22  Refinery  
  86  12:24  SCV  
  87  12:31  Starport  
  87  12:36  SCV  
  86  12:48  SCV  
Tags
 
Matchup
TvT
Race
Terran
Replay Pack
DaveSC2
Spawn Locations
Cross Positions
Add a new tag
Caveats
  • Supply blocks, unpowered buildings, or Contaminate may cause inaccurate times.
  • Supply counts are checked every 10 seconds.